[ PARTIDA AOE2 · #477358562 ]
UnrankedSarracenos vs Armenians
[ ANÁLISIS DE REPETICIÓN · EXTRAÍDO DE LA PARTIDA GRABADA ]
Feudal
—
Castillos
—
Imperial
—
| APM promedio | 22.7 |
| APM pico | 31 |
| eAPM promedio | 11.7 |
| Aldeanos / militares | 10 / 0 |
Foco
⚔️ 5.6% · 🌾 94.4%
Feudal
—
Castillos
—
Imperial
—
| APM promedio | 41.8 |
| APM pico | 62 |
| eAPM promedio | 21.7 |
| Aldeanos / militares | 16 / 0 |
Foco
⚔️ 32.7% · 🌾 67.3%
Feudal
—
Castillos
—
Imperial
—
| APM promedio | 49.7 |
| APM pico | 62 |
| eAPM promedio | 22.9 |
| Aldeanos / militares | 13 / 0 |
Foco
⚔️ 18.5% · 🌾 81.5%
Feudal
—
Castillos
—
Imperial
—
| APM promedio | 24.0 |
| APM pico | 33 |
| eAPM promedio | 11.5 |
| Aldeanos / militares | 8 / 0 |
Foco
⚔️ 22.2% · 🌾 77.8%
Mapa de la partida
Recursos iniciales + cada clic de construcción. Líneas = muros · curvas = relieve. ◆ oro · ⬟ piedra · ● bayas · ✦ reliquia · ◌ hueco del cierre
Tu base
Base de frantiescolucas
Base de [YOBA]Ermak
Base de Principipe6724
Terreno inicial suavizado · ◌ = hueco del cierre detectado · pasá el cursor para detalles
Inputs por minuto
— [YOBA] ♂️CUM♂️BACK - - frantiescolucas
Build order — [YOBA] ♂️CUM♂️BACK
13 acciones detectadas en el replay
| 0:02 | Crear | Villager (Male) |
| 0:02 | Crear | Villager (Male) |
| 0:05 | Construir | House |
| 0:09 | Construir | House |
| 0:44 | Investigar | Loom |
| 0:45 | Crear | Villager (Male) |
| 0:45 | Crear | Villager (Male) |
| 0:45 | Crear | Villager (Male) |
| 2:40 | Crear | Villager (Male) |
| 2:40 | Crear | Villager (Male) |
| 3:16 | Crear | Villager (Male) |
| 3:59 | Crear | Villager (Male) |
| 3:59 | Crear | Villager (Male) |
Build order — frantiescolucas
23 acciones detectadas en el replay
| 0:01 | Crear | Villager (Male) |
| 0:01 | Crear | Villager (Male) |
| 0:02 | Construir | House |
| 0:03 | Construir | House |
| 0:10 | Crear | Villager (Male) |
| 0:10 | Crear | Villager (Male) |
| 0:11 | Crear | Villager (Male) |
| 0:11 | Crear | Villager (Male) |
| 0:21 | Investigar | Loom |
| 0:21 | Crear | Villager (Male) |
| 0:22 | Crear | Villager (Male) |
| 0:22 | Crear | Villager (Male) |
| 0:22 | Crear | Villager (Male) |
| 0:22 | Crear | Villager (Male) |
| 1:39 | Crear | Villager (Male) |
| 1:40 | Crear | Villager (Male) |
| 2:08 | Construir | House |
| 2:37 | Construir | House |
| 2:44 | Construir | Palisade Wall |
| 2:48 | Crear | Villager (Male) |
| 3:47 | Crear | Villager (Male) |
| 3:47 | Crear | Villager (Male) |
| 4:26 | Construir | House |
Build order — [YOBA]Ermak
17 acciones detectadas en el replay
| 0:01 | Crear | Villager (Male) ×4 |
| 0:03 | Construir | House |
| 0:04 | Construir | House |
| 0:44 | Investigar | Loom |
| 0:45 | Crear | Villager (Male) |
| 0:45 | Crear | Villager (Male) |
| 0:45 | Crear | Villager (Male) |
| 0:58 | Construir | Palisade Wall |
| 1:03 | Construir | House |
| 1:07 | Construir | House |
| 1:56 | Construir | Palisade Wall |
| 2:31 | Crear | Villager (Male) |
| 2:31 | Crear | Villager (Male) |
| 2:53 | Crear | Villager (Male) |
| 2:53 | Crear | Villager (Male) |
| 3:54 | Crear | Villager (Male) |
| 3:55 | Crear | Villager (Male) |
Build order — Principipe6724
12 acciones detectadas en el replay
| 0:01 | Crear | Villager (Male) |
| 0:02 | Investigar | Loom |
| 0:02 | Crear | Villager (Male) |
| 0:02 | Crear | Villager (Male) |
| 0:03 | Crear | Villager (Male) |
| 0:03 | Crear | Villager (Male) |
| 0:05 | Construir | House |
| 0:07 | Construir | House |
| 2:15 | Construir | Palisade Wall |
| 2:56 | Crear | Villager (Male) |
| 2:57 | Crear | Villager (Male) |
| 4:09 | Crear | Villager (Male) |
Cronología de la partida
| 0:58 | [YOBA]Ermak · wall_segment Palisade Wall x5 |
| 1:56 | [YOBA]Ermak · wall_segment Palisade Wall x11 |
| 2:15 | Principipe6724 · wall_segment Palisade Wall x7 |
| 2:44 | frantiescolucas · wall_segment Palisade Wall x8 |
| 4:33 | Principipe6724 · resign |
[ ANÁLISIS IA · 1 CRÉDITO ]
¿Qué pasó realmente en esta partida?
Wolo.gg analiza cada decisión: build order, eco, micro, errores típicos por bracket. Análisis personalizado por WhatsApp o Discord en 30 segundos.
Guía civ
Sarracenos
Perfil
Jugador #269544